AoeStats
← visualfed

Arabian Desert

509133288Analyzed
1v1 RM · 5d ago on Sep 25, 2026· 69m 48s· 2 players
Game mode
Random Map
Map size
Tiny (2 player)
Population
200
Speed
Normal
Resources
Standard
Victory
Conquest
Starting age
Dark Age
Ending age
Imperial Age
RankedLock teamsTeams togetherTeam positionsShared explorationLock speedFull tech treeHidden civsTurbo modeCheats
Victory
Defeat
🇮🇹 Burmese · Italy
89
+17
🇪🇸 Bengalis · Spain
101
-17
visualfed
0:46 Loom
16:51 Feudal Age
18:41 Horse Collar
19:48 Stone Mining
29:19 Castle Age
30:37 Wheelbarrow
31:16 Husbandry
33:59 Guard Tower
34:31 Ballistics
33:53 Treadmill Crane
34:10 Murder Holes
34:49 Gold Mining
44:37 Imperial Age
47:40 Hand Cart
47:44 Town Watch
49:57 Heavy Plow
50:02 Cavalier
50:05 Elite Battle Elephant
51:26 Scale Barding Armor
51:22 Scale Mail Armor
51:23 Padded Archer Armor
51:14 Fletching
51:35 Forging
52:49 Gold Shaft Mining
54:15 Capped Ram
54:16 Onager
56:31 Chemistry
55:33 Heated Shot
57:10 Chain Barding Armor
57:06 Chain Mail Armor
57:06 Light Cavalry
57:57 Bloodlines
58:52 Hussar
66:19 Plate Barding Armor
66:15 Plate Mail Armor
66:21 Iron Casting
65:42 Bodkin Arrow
67:38 Heavy Scorpion
cesarrepisofernandez
2:39 Loom
11:16 Feudal Age
12:01 Horse Collar
14:20 Double-Bit Axe
14:42 Arson
14:18 Man-at-Arms
15:04 Town Watch
17:32 Scale Mail Armor
17:59 Fletching
18:57 Padded Archer Armor
20:19 Bloodlines
21:21 Forging
22:12 Scale Barding Armor
31:49 Castle Age
32:37 Heavy Plow
34:20 Gold Mining
35:10 Wheelbarrow
39:41 Imperial Age
41:00 Crop Rotation
40:29 Bodkin Arrow
40:50 Leather Archer Armor
40:57 Chain Barding Armor
41:10 Stone Mining
41:56 Gold Shaft Mining
41:40 Hand Cart
42:08 Iron Casting
43:04 Fervor
43:15 Sanctity
42:54 Crossbowman
43:38 Husbandry
43:42 Squires
43:28 Gambesons
43:03 Long Swordsman
44:42 Town Patrol
44:44 Murder Holes
45:10 Ballistics
47:11 Chemistry
46:37 Chain Mail Armor
47:14 Conscription
47:46 Paiks
48:42 Plate Barding Armor
49:29 Bow Saw
49:24 Bracer
51:16 Blast Furnace
52:16 Ring Archer Armor
51:12 Two-Handed Swordsman
53:48 Two-Man Saw
54:01 Champion
55:59 Siege Engineers
57:14 Elite Elephant Archer
59:10 Siege Elephant
60:17 Block Printing
60:28 Illumination
60:14 Redemption
60:05 Devotion
60:41 Theocracy
60:08 Atonement
Connection lost

Rejoining the realm…

Still unreachable

The connection could not be restored.

Session expired

The server has moved on; the page needs a fresh start.